Unix NetHack Version 5.0.0-0 post-release - last build May 10 2026 23:12:36 (d1fa5d53e341ca933230fdaa984d921c805b60aa,branch:main).

Game began 2026-05-13 23:28:24, ended 2026-05-13 23:39:45.

Barthandelous01, lawful female dwarven Valkyrie

                               -------------------------------         -------
                               |......................h........    u@#d-.....|
                               | -----  -------------...               |.....|
                                                    |                  |...<.|
                                                                       -----.-

Barthandelous01 the Stripling  St:15 Dx:12 Co:20 In:10 Wi:10 Ch:8  Lawful
Dlvl:6  $:18 HP:0(18) Pw:1(1) AC:5  Xp:1 T:753 

Latest messages:
 There are many objects here.
 A trap door in the ceiling opens and a rock falls on your head!
 Fortunately, you are wearing a hard helmet.
 It explodes!
 You are caught in a blast of kaleidoscopic light!
 You are freaked out.
 What do you want to read? [klm or ?*] k
 As you read the scroll, it disappears.
 m - an uncursed scroll of enchant weapon.
 Really step onto that sleeping gas trap? [yn] (n) n
 Everything looks SO boring now.
 You stop waiting.
 You see here an aklys.
 Really step onto that falling rock trap? [yn] (n) n
 What do you want to drop? [$a-df-il-p or ?*] ^G
 You don't have that object.
 What do you want to drop? [$a-df-il-p or ?*] k
 You don't have that object.
 What do you want to drop? [$a-df-il-p or ?*] <space>
 Never mind.
 You now wield a pick-axe.
 In what direction do you want to dig? [hynjb>] h
 You start digging.
 You hit the rock with all your might.
 You hear some noises.
 You make an opening in the wall.
 What do you want to wield? [- abp or ?*] ?
 a - a +1 dwarvish spear (weapon in right hand).
 You stop.  Your little dog is in the way!
 You swap places with your little dog.
 You descend the stairs.
 You are beginning to feel hungry.
 What do you want to eat? [dfno or ?*] ?
 This lichen corpse tastes okay.
 You finish eating the lichen corpse.
 The horse just misses!
 The horse just misses!
 You miss the horse.
 The horse kicks!
 The horse bites!
 The horse kicks!
 The horse bites!
 You hit the horse!
 The horse kicks!
 You die...
 Do you want your possessions identified? [ynq] (y) y
 Do you want to see your attributes? [ynq] (y) y
 Do you want an account of creatures vanquished? [ynaq] (y) y
 Do you want to see your conduct and achievements? [ynq] (y) y
 Do you want to see the dungeon overview? [ynq] (y) y

Inventory:
 Coins    ('$')
  $ - 18 gold pieces
 Weapons  (')')
  b - 6 +0 daggers (alternate weapons; not wielded)
  a - a +1 dwarvish spear (weapon in right hand)
 Armor    ('[')
  i - an uncursed +0 orcish helm (being worn)
  c - an uncursed +3 small shield (being worn)
 Comestibles  ('%')
  d - 3 uncursed food rations
  n - an uncursed lembas wafer
  o - an uncursed tripe ration
 Scrolls  ('?')
  m - an uncursed scroll of enchant weapon
  l - an uncursed scroll of magic mapping
 Potions  ('!')
  g - a blessed potion of see invisible
 Tools    ('(')
  h - an uncursed blindfold
  p - a +0 pick-axe

Barthandelous01 the Valkyrie's attributes:

Background:
 You were a Stripling, a level 1 dwarven Valkyrie.
 You were lawful, on a mission for Tyr
 who was opposed by Odin (neutral) and Loki (chaotic).
 You were right-handed.
 You were in the Gnomish Mines, on level 6.
 You entered the dungeon 753 turns ago.
 It was nighttime.
 You had 14 experience points, 6 more were needed to attain level 2.

Basics:
 You had 0 out of 18 hit points.
 You had 1 out of 1 energy points (spell power).
 Your armor class was 5.
 Your wallet contained 18 zorkmids.
 Autopickup was off.

Final Characteristics:
 Your strength was 15 (limit:18/100).
 Your dexterity was 12 (limit:20).
 Your constitution was 20 (limit:20).
 Your intelligence was 10 (limit:16).
 Your wisdom was 10 (limit:16).
 Your charisma was 8 (limit:16).

Final Status:
 You weren't hungry.
 You were unencumbered.
 You were wielding a spear.
 You had basic skill with spear.

Final Attributes:
 You were fervently aligned.
 You were cold resistant.
 You had infravision.
 You are dead.

Miscellaneous:
 You encountered 2 bones levels.
 Total elapsed playing time was 11 minutes and 20 seconds.

Major events:
 Turn
    1: Barthandelous01 the lawful dwarven Valkyrie entered the dungeon
  417: entered the Gnomish Mines
  753: killed by a horse

You didn't know any spells.

Skills:
 Fighting Skills
   bare handed combat [Unskilled]
   two weapon combat  [Unskilled]
   riding             [Unskilled]
 Weapon Skills
   dagger             [Basic]
   axe                [Unskilled]
   pick-axe           [Unskilled]
   short sword        [Unskilled]
   broadsword         [Unskilled]
   long sword         [Unskilled]
   two-handed sword   [Unskilled]
   saber              [Unskilled]
   hammer             [Unskilled]
   quarterstaff       [Unskilled]
   polearms           [Unskilled]
   spear              [Basic]
   trident            [Unskilled]
   lance              [Unskilled]
   sling              [Unskilled]
 Spellcasting Skills
   attack spells      [Unskilled]
   escape spells      [Unskilled]

Voluntary challenges:
 Character rerolling was not enabled.
 You followed a strict vegan diet.
 You were an atheist.
 You never genocided any monsters.
 You never polymorphed an object.
 You never changed form.
 You used no wishes.
Achievement:
 You entered the Gnomish Mines.

 The Dungeons of Doom: levels 1 to 3
    Level 1:
       A fountain.
    Level 2:
       Stairs down to The Gnomish Mines.
    Level 3:
       A fountain.
 The Gnomish Mines: levels 3 to 6
    Level 3:
    Level 4:
    Level 5:
       Final resting place for
          Sluggoman-Wiz-Hum-Mal-Neu, killed by a white unicorn.
    Level 6: <- You were here.
       Final resting place for
          you, killed by a horse,
          DaveT-Pri-Hum-Mal-Law, killed by a horse,
          Nestorix-Pri-Hum-Fem-Neu, killed by a giant mimic.


Vanquished creatures:
  a black light
  6 gnomes
  a garter snake
  a goblin
  2 sewer rats
  a grid bug
  2 lichens
14 creatures vanquished.

No species were genocided or became extinct.

Game over:
                       ----------
                      /          \
                     /    REST    \
                    /      IN      \
                   /     PEACE      \
                  /                  \
                  | Barthandelous01  |
                  |      18 Au       |
                  |   killed by a    |
                  |      horse       |
                  |                  |
                  |                  |
                  |       2026       |
                 *|     *  *  *      | *
        _________)/\\_//(\/(/\)/\//\/|_)_______

Farvel Barthandelous01 the Valkyrie...

You died in The Gnomish Mines on dungeon level 6 with 343 points,
and 18 pieces of gold, after 753 moves.
You were level 1 with a maximum of 18 hit points when you died.

